[Event "Team 45 45 League T42"]
[Site "Internet Chess Club"]
[Date "2009.08.02"]
[Round "1"]
[White "TwentyMiles"]
[Black "calily"]
[Result "1-0"]
[WhiteElo "1804"]
[BlackElo "1692"]
[Opening "Caro-Kann: classical variation"]
[ECO "B18"]
[Time "10:00:14"]
[TimeControl "2700+45"]

1. e4 c6 2. d4 d5 3. Nd2 dxe4 4. Nxe4 Bf5 5. Ng3 Bg6 6. Bc4 e6 7. N1e2 h6 8. O-O
Nd7 9. c3 Ngf6 10. Re1 Bd6 11. Bf4 Nb6 12. Bb3 Nbd5 13. Bxd5 cxd5 14. Be5 O-O
15. Rc1 Bxe5 16. dxe5 Ne4 17. Nxe4 Bxe4 18. Qd4 Qa5 19. a3 Rac8 20. Qb4 Qxb4 21.
axb4 b5 22. Nd4 a6 23. Ra1 Ra8 24. Red1 Rfc8 25. f3 Bg6 26. Ra5 Kf8 27. Rda1 Bd3
28. Rxa6 Rxa6 29. Rxa6 Rb8 30. f4 g6 31. Ra5 h5 32. Kf2 Kg7 33. Ke3 Bf1 34. g3
Rb7 35. Ra1 Bg2 36. Kf2 Be4 37. Ke2 Kf8 38. Ra5 Ke7 39. Nxb5 Rb6 40. Nd4 Rb7 41.
Rb5 Rc7 42. Ra5 Rb7 43. Ra7 Rxa7 44. Nc6+ Kd7 45. Nxa7 Bc2 46. Nb5 Bb3 47. Nd4
Bc4+ 48. Kd2 Kc7 49. Kc2 Kb6 50. b3 Bf1 51. Kb2 Bd3 52. Ka3 Bf1 53. Ka4 Bd3 54.
b5 Bf1 55. Kb4 Bd3 56. c4 {Black resigns} 1-0

[Event "Team 45 45 League T42"]
[Site "Internet Chess Club"]
[Date "2009.08.02"]
[Round "1"]
[White "chipionero"]
[Black "Lionskins"]
[Result "1-0"]
[WhiteElo "1696"]
[BlackElo "1607"]
[Opening "Queen's pawn game"]
[ECO "A46"]
[Time "16:00:09"]
[TimeControl "2700+45"]

1. d4 Nf6 2. Nf3 h6 3. c4 c6 4. Nc3 e6 5. e4 Qa5 6. Bd2 Qb6 7. b3 Bb4 8. Qc2 Qa5
9. Bd3 Na6 10. e5 Ng8 11. O-O Ne7 12. a3 Bxc3 13. Bxc3 Qc7 14. Rfe1 b6 15. Rac1
Bb7 16. Nd2 d5 17. exd6 Qxd6 18. Ne4 Qd7 19. Qe2 O-O-O 20. c5 Nf5 21. Bxa6 Rhf8
22. Bxb7+ Kxb7 23. cxb6 axb6 24. Red1 Qd5 25. Qc2 Nh4 26. f3 f6 27. Bb4 Rf7 28.
Qc4 Rfd7 29. Qxd5 Rxd5 30. Bc3 Nf5 31. Rc2 Ne3 32. Rdc1 Nxc2 33. Rxc2 f5 34. Ng3
g6 35. Ne2 g5 36. Bb4 f4 37. Kf2 h5 38. Be7 R8d7 39. Bf6 Rf7 40. Be5 c5 41. Nc3
Rdd7 42. Ne4 Rf5 43. Nd6+ Rxd6 44. Bxd6 Rd5 45. Be5 cxd4 46. Bf6 g4 47. Rd2 e5
48. Ke2 Ka6 49. Kd3 Ra5 50. a4 Rc5 51. Rc2 e4+ 52. fxe4 {Black resigns} 1-0